 Dungeon Crawl Stone Soup version 0.25-a0-413-g3b4b6a4ccc (webtiles) character file.

Game seed: 10172283949526433462, levelgen mode: deterministic

70 pk666 the Magician (level 4, -2/24 HPs)
             Began as a Deep Elf Wizard on Jan 16, 2020.
             Killed by divine providence
             ... invoked by an orc priest
              (17 damage)
             ... on level 3 of the Dungeon.
             The game lasted 00:03:08 (2857 turns).

pk666 the Magician (Deep Elf Wizard)                Turns: 2857, Time: 00:03:17

Health: -2/24      AC:  3    Str:  4    XL:     4   Next: 4%
Magic:  7/13       EV: 13    Int: 24    God:
Gold:   122        SH:  0    Dex: 13    Spells: 2/13 levels left

rFire    . . .     SeeInvis .   k - +0 dagger
rCold    . . .     Gourm    .   (no shield)
rNeg     . . .     Faith    .   a - +0 robe
rPois    .         Spirit   .   b - +0 hat
rElec    .         Reflect  .   (no cloak)
rCorr    .         Harm     .   (no gloves)
MR       .....                  q - +0 pair of boots
Stlth    ++........             (no amulet)
HPRegen  0.08/turn              (no ring)
MPRegen  0.13/turn              (no ring)

@: very slightly contaminated
A: no striking features
a: no special abilities


You were on level 3 of the Dungeon.
You were near starving.

You visited 1 branch of the dungeon, and saw 3 of its levels.

You collected 122 gold pieces.

Inventory:

Hand Weapons
 k - a +0 dagger (weapon)
Armour
 a - a +0 robe (worn)
 b - a +0 hat (worn)
 q - a +0 pair of boots (worn)
Jewellery
 j - an uncursed ring of positive energy {unknown}
Wands
 p - a wand of random effects (26)
Scrolls
 e - 3 scrolls of remove curse {unknown}
 f - 2 scrolls of fear {unknown}
 h - 2 scrolls of identify {unknown}
 i - a scroll of enchant armour {unknown}
 l - a scroll of fog {unknown}
 n - a scroll of amnesia {unknown}
 s - a scroll of immolation {unknown}
Potions
 c - a potion of resistance {unknown}
 g - 2 potions of degeneration {unknown}
 m - a potion of mutation {unknown}
 o - a potion of curing {unknown}
 r - a potion of agility {unknown}
 t - 2 potions of heal wounds {unknown}
Comestibles
 d - 3 rations


   Skills:
 - Level 3.1 Dodging
 - Level 2.4 Stealth
 + Level 5.1 Spellcasting
 + Level 2.4 Conjurations
 + Level 1.5 Summonings
 - Level 1.1 Translocations
 + Level 0.9 Fire Magic
 + Level 0.4 Air Magic
 + Level 0.9 Poison Magic


You had 2 spell levels left.
You knew the following spells:

 Your Spells              Type           Power        Failure   Level  Hunger
a - Magic Dart            Conj           ###.         3%          1    None
b - Blink                 Tloc           N/A          9%          2    None
c - Conjure Flame         Conj/Fire      ##......     13%         3    ##.....
d - Mephitic Cloud        Conj/Pois/Air  ##......     16%         3    ##.....
e - Call Imp              Summ           ##......     7%          2    None

Your spell library contained the following spells:

 Spells                   Type           Power        Failure   Level  Hunger
 Slow                     Hex            #.......     13%         2    None


Dungeon Overview and Level Annotations

Branches:
Dungeon (3/15)

Altars:
Xom


Message History

The orc priest calls down the wrath of Beogh upon you.
Beogh smites you!
You hear a shout! x3
Casting: Magic Dart (safe; 3% risk of failure)
Confirm with . or Enter, or press ? or * to list all spells.
You miscast Conjure Flame.
You are very lightly contaminated with residual magic.
Nothing appears to happen.
Casting: Conjure Flame (safe; 13% risk of failure)
Confirm with . or Enter, or press ? or * to list all spells.
Aiming: Mephitic Cloud (safe; 16% risk of failure)
Press: ? - help, Shift-Dir - straight line, f/p - orc priest
Aim: an orc priest, wearing a +0 chain mail The ball explodes into a vile cloud!
The stinking cloud engulfs the orc priest but does no damage.
The orc priest is engulfed in noxious fumes.
The orc priest calls down the wrath of Beogh upon you.
Beogh smites you!
Ouch! That really hurt!
You die...

.........
#......#
#......#
#.☼....#
#o# #○#
###.#
..#.#####
###.#.@...#
...#####.#
#..# #.#
#..# #.#
#..# #.#
#..#####.#
#.....<#.#
#.######.#
#........#


You could see an orc priest.

Vanquished Creatures
  An adder (D:2)
  2 dart slugs (D:1)
  A leopard gecko (D:2)
  4 giant cockroaches
  9 hobgoblins
  6 jackals (D:1)
  A ball python (D:2)
  4 bats
  2 frilled lizards
  10 goblins
  6 kobolds
  5 rats
  A butterfly (D:2)
52 creatures vanquished.

Notes
Turn   | Place    | Note
-------+----------+-------------------------------------------
     0 | D:1      | pk666 the Deep Elf Wizard began the quest for the Orb.
     0 | D:1      | Reached XP level 1. HP: 10/10 MP: 7/7
   323 | D:1      | Reached XP level 2. HP: 13/15 MP: 0/9
  1150 | D:1      | Reached skill level 5 in Spellcasting
  1150 | D:1      | Reached XP level 3. HP: 19/19 MP: 4/11
  1208 | D:1      | Learned a level 2 spell: Blink
  1212 | D:1      | Learned a level 3 spell: Conjure Flame
  1216 | D:1      | Learned a level 3 spell: Mephitic Cloud
  1219 | D:1      | Learned a level 2 spell: Call Imp
  2145 | D:2      | Found a shimmering altar of Xom.
  2280 | D:2      | Reached XP level 4. HP: 24/24 MP: 7/13
  2857 | D:3      | Killed from afar by an orc priest

Levels and vault maps discovered:
D:1:      matt_arrival_refuge, layout_basic
D:2:      layout_basic, xom_butterflies
D:3:      layout_basic, first_ration

Skill      XL: |  1  2 |
---------------+-------+-----
Dodging        | 3 |  3.1
Conjurations   | 2 |  2.4
Spellcasting   | 5 |  5.1
Stealth        | |  2.4
Summonings     | |  1.5
Translocations | |  1.1
Fire Magic     | |  0.9
Air Magic      | |  0.4
Poison Magic   | |  0.9

Action                   |  1- 3 |  4- 6 || total
-------------------------+-------+-------++-------
Melee: Dagger            |     1 |     2 ||     3
 Cast: Magic Dart        |   110 |     4 ||   114
       Mephitic Cloud    |       |     1 ||     1
  Eat: Chunk             |     3 |     1 ||     4
Armor: Robe              |     7 |       ||     7
Dodge: Dodged            |    16 |       ||    16

Table legend:
 A = Non-vault XP
 B = Vault XP
 C = Vault XP percentage of total XP
 D = Non-vault monster count
 E = Vault monster count
 F = Vault count percentage of total count
                 A         B        C        D         E       F
            +---------+---------+-------+---------+---------+-------
      Total |     101 |       0 |   0.0 |      51 |       0 |   0.0
            +---------+---------+-------+---------+---------+-------
        D:1 |      51 |       0 |   0.0 |      28 |       0 |   0.0
        D:2 |      48 |       0 |   0.0 |      22 |       0 |   0.0
        D:3 |       2 |       0 |   0.0 |       1 |       0 |   0.0
            +---------+---------+-------+---------+---------+-------
